AoeStats
← Kulishaak

Migration

507007877Analyzed
1v1 RM · 15d ago on Sep 16, 2026· 34m 26s· 2 players
Game mode
Random Map
Map size
132×132
Population
200
Speed
Normal
Resources
Standard
Victory
Conquest
Starting age
Dark Age
Ending age
Imperial Age
RankedLock teamsTeams togetherTeam positionsShared explorationLock speedFull tech treeHidden civsTurbo modeCheats
Victory
Defeat
🇷🇴 Vikings · Romania
1147
+15
🇨🇿 Armenians · Czechia
1127
-15
Kulishaak
1:29 Loom
13:48 Feudal Age
14:42 Double-Bit Axe
14:51 Gold Mining
15:56 Fishing Lines
20:36 Fletching
22:47 Castle Age
22:34 Padded Archer Armor
22:26 Arson
22:03 Man-at-Arms
23:44 Medium Warships
24:05 Demolition Ship
25:02 Bodkin Arrow
25:09 Gillnets
26:43 Gillnets
28:19 Wheelbarrow
28:28 Bow Saw
28:45 Stone Mining
31:22 Long Swordsman
31:47 Gambesons
34:04 Squires
Mih Imperatore
11:52 Loom
13:55 Feudal Age
15:52 Gold Mining
15:50 Double-Bit Axe
18:17 Stone Mining
20:07 Fishing Lines
23:54 Castle Age
22:42 Fletching
22:53 Scale Mail Armor
23:03 Forging
25:03 Medium Warships
24:43 Gillnets
25:45 Bodkin Arrow
26:07 Chain Mail Armor
26:27 Iron Casting
28:15 Bow Saw
30:11 Gold Shaft Mining
30:43 Ballistics
30:14 Heated Shot
32:12 Town Watch
32:12 Treadmill Crane
Connection lost

Rejoining the realm…

Still unreachable

The connection could not be restored.

Session expired

The server has moved on; the page needs a fresh start.